 Dungeon Sprint DCSS version 0.26-a0-682-g294304f6e8 (webtiles) character file.

Game seed: 6470839099114016945

3542 mhtbhm the Blocker (level 9, -2/135 HPs)
             Began as a Minotaur Fighter on Oct 20, 2020.
             Was a High Priest of Okawaru.
             Slain by a jiangshi (11 damage)
             ... summoned by a mummy priest
             ... in the Dungeon (Sprint VII: "The Pits").
             The game lasted 00:02:33 (1531 turns).

mhtbhm the Blocker (Minotaur Fighter)               Turns: 1531, Time: 00:02:34

Health: -2/135     AC: 20    Str: 24    XL:     9   Next: 82%
Magic:  8/8        EV: 12    Int:  8    God:    Okawaru [*****.]
Gold:   0          SH: 14    Dex: 13    Spells: 8/8 levels left

rFire    . . .     SeeInvis .   a - +1 broad axe (vorpal)
rCold    . . .     Faith    .   c - +0 kite shield
rNeg     . . .     Spirit   .   b - +4 chain mail
rPois    .         Reflect  .   (helmet restricted)
rElec    .         Harm     .   o - +0 cloak
rCorr    .         Rampage  .   t - +0 pair of gloves
MR       .....     NoTele   +   (no boots)
Stlth    ..........             (no amulet)
HPRegen  0.32/turn              p - +3 ring of intelligence
MPRegen  0.11/turn              q - +3 ring of dexterity

@: berserking, very quick
A: retaliatory headbutt, horns 2
a: Heroism, Finesse, Renounce Religion


You were in the Dungeon.
You worshipped Okawaru.
Okawaru was extremely pleased with you.
You visited 1 branch

Inventory:

Hand Weapons
 a - a +1 vorpal broad axe (weapon)
Armour
 b - a +4 chain mail (worn)
 c - a +0 kite shield (worn)
 o - a +0 cloak (worn)
 t - a +0 pair of gloves (worn)
Jewellery
 p - a +3 ring of intelligence (left hand)
 q - a +3 ring of dexterity (right hand)
Scrolls
 j - a scroll of blinking
 l - 3 scrolls of remove curse
 m - 5 scrolls of amnesia
 n - a scroll of summoning
Potions
 d - a potion of might
 e - 6 potions of curing
 f - 8 potions of heal wounds
 g - 2 potions of haste
 h - 4 potions of magic
 i - 3 potions of berserk rage
 k - 2 potions of invisibility
 r - 2 potions of stabbing
 s - 2 potions of resistance


   Skills:
 + Level 11.9 Fighting
 + Level 13.4 Axes
 + Level 13.6 Armour
 + Level 6.4 Dodging
 + Level 1.2 Stealth
 + Level 13.9 Shields


You had 8 spell levels left.
You didn't know any spells.
Your spell library was empty.

Dungeon Overview and Level Annotations

Branches:
Dungeon (1/1)

Altars:
Ashenzari
Cheibriados
Dithmenos
Elyvilon
Fedhas
Gozag
Hepliaklqana
Kikubaaqudgha
Makhleb
Nemelex Xobeh
Okawaru
Qazlal
Ru
Sif Muna
Trog
Uskayaw
Vehumet
Wu Jian
Xom
Yredelemnul
Zin
The Shining One
Beogh
Jiyva
Lugonu


Innate Abilities, Weirdness & Mutations

You reflexively headbutt those who attack you in melee.
You have a pair of horns on your head.


Message History

Unknown command.
A red film seems to cover your vision as you go berserk!
You feel yourself moving faster!
You feel mighty! You block the ice devil's attack. The mummy priest hits you.
The jiangshi claws you!
* * * LOW HITPOINT WARNING * * *
The jiangshi draws strength from your injuries!
You block the jiangshi's attack. The flying skull hits you.
* * * LOW HITPOINT WARNING * * *
The phantasmal warrior hits you!
* * * LOW HITPOINT WARNING * * *
You slash the mummy priest!
The mummy priest is almost destroyed.
You closely miss the flying skull. You slash the jiangshi!
You barely miss the phantasmal warrior. You slash the ice devil!
The jiangshi claws you!
* * * LOW HITPOINT WARNING * * *
The jiangshi draws strength from your injuries!
The jiangshi claws you!
You die...

########################
...............WVz......
)†.............4@MZ.....
###########++###########


You could see a mummy priest, a jiangshi (summoned), a phantasmal warrior
(summoned), an ice devil (summoned), a flying skull (summoned) and a jackal
skeleton (summoned).

Vanquished Creatures
  A deep troll (D)
  A lindwurm (D)
  A wolf spider (D)
  A cyclops (D)
  A gargoyle (D)
  A large abomination (D)
  A tyrant leech (D)
  A swamp drake (D)
  2 floating eyes (D)
  A phantom (D)
  2 ice beasts (D)
  2 wolves (D)
  A gnoll sergeant (D)
  An iron imp (D)
  A jelly (D)
  A gnoll shaman (D)
  Crazy Yiuf (D)
  2 worker ants (D)
  3 gnolls (D)
  An adder (D)
  A river rat (D)
  An ufetubus (D)
  2 bat skeletons (D)
  A giant cockroach (D)
  2 goblins (D)
  A ball python (D)
  A rat (D)
35 creatures vanquished.

Notes
Turn   | Place    | Note
-------+----------+-------------------------------------------
     0 | D        | mhtbhm the Minotaur Fighter began the quest for the Orb.
     0 | D        | Reached XP level 1. HP: 19/19 MP: 0/0
    15 | D        | Found a bloodstained altar of Trog.
    15 | D        | Found a shimmering blue altar of Sif Muna.
    15 | D        | Found a viscous altar of Jiyva.
    15 | D        | Found a hazy altar of Hepliaklqana.
    15 | D        | Found an opulent altar of Gozag.
    16 | D        | Found a glowing golden altar of the Shining One.
    16 | D        | Found a glowing silver altar of Zin.
    16 | D        | Found a basalt altar of Yredelemnul.
    16 | D        | Found a shimmering altar of Xom.
    16 | D        | Found an ornate altar of the Wu Jian Council.
    16 | D        | Found a sacrificial altar of Ru.
    16 | D        | Found a stormy altar of Qazlal.
    16 | D        | Found an iron altar of Okawaru.
    16 | D        | Found a sparkling altar of Nemelex Xobeh.
    16 | D        | Found a burning altar of Makhleb.
    16 | D        | Found a blossoming altar of Fedhas.
    16 | D        | Found a white marble altar of Elyvilon.
    16 | D        | Found a shadowy altar of Dithmenos.
    16 | D        | Found a snail-covered altar of Cheibriados.
    18 | D        | Found a radiant altar of Vehumet.
    18 | D        | Found a corrupted altar of Lugonu.
    18 | D        | Found a roughly hewn altar of Beogh.
    19 | D        | Found a hide-covered altar of Uskayaw.
    19 | D        | Found an ancient bone altar of Kikubaaqudgha.
    19 | D        | Found a broken altar of Ashenzari.
    24 | D        | Became a worshipper of Warmaster Okawaru
    65 | D        | Noticed a worker ant
    73 | D        | Killed a worker ant
    73 | D        | Reached skill level 5 in Fighting
    73 | D        | Reached skill level 5 in Armour
    73 | D        | Reached skill level 5 in Shields
    73 | D        | Reached XP level 2. HP: 22/29 MP: 1/1
    73 | D        | Reached XP level 3. HP: 28/36 MP: 2/2
   312 | D        | Noticed a floating eye
   312 | D        | Noticed a floating eye
   316 | D        | Paralysed by a floating eye for 4 turns
   320 | D        | Killed a floating eye
   320 | D        | Reached * piety under Okawaru
   320 | D        | Reached XP level 4. HP: 39/47 MP: 3/3
   322 | D        | Reached XP level 5. HP: 39/52 MP: 4/4
   325 | D        | Killed a floating eye
   325 | D        | Reached skill level 5 in Axes
   325 | D        | Reached skill level 1 in Dodging
   426 | D        | Noticed an ice beast
   444 | D        | Killed an ice beast
   444 | D        | Reached ** piety under Okawaru
   444 | D        | Reached XP level 6. HP: 63/63 MP: 5/5
   472 | D        | Reached skill level 10 in Armour
   477 | D        | Noticed Crazy Yiuf
   485 | D        | Killed Crazy Yiuf
   508 | D        | Reached skill level 10 in Shields
   508 | D        | Reached XP level 7. HP: 47/71 MP: 6/6
   713 | D        | Reached skill level 10 in Fighting
   821 | D        | Reached *** piety under Okawaru
   961 | D        | Noticed a lindwurm
   990 | D        | Killed a lindwurm
   990 | D        | Reached XP level 8. HP: 53/81 MP: 7/7
   999 | D        | Reached **** piety under Okawaru
  1238 | D        | Noticed a deep troll
  1247 | D        | Killed a deep troll
  1247 | D        | Reached skill level 5 in Dodging
  1247 | D        | Reached skill level 1 in Stealth
  1247 | D        | Reached XP level 9. HP: 64/89 MP: 8/8
  1354 | D        | Noticed a gargoyle
  1354 | D        | Noticed a large abomination
  1354 | D        | Noticed a cyclops
  1361 | D        | Killed a large abomination
  1362 | D        | Killed a cyclops
  1362 | D        | Reached ***** piety under Okawaru
  1368 | D        | Killed a gargoyle
  1454 | D        | Noticed a tyrant leech
  1468 | D        | Killed a tyrant leech
  1491 | D        | Noticed a wolf spider
  1498 | D        | Killed a wolf spider
  1498 | D        | Received a gift from Okawaru
  1518 | D        | Noticed a mummy priest
  1527 | D        | Noticed an ice devil
  1528 | D        | Noticed a jiangshi
  1528 | D        | Noticed a phantasmal warrior
  1528 | D        | HP: 4/90 [mummy priest (4)]
  1531 | D        | Slain by a jiangshi

Illustrated notes

Levels and vault maps discovered:
D:        pitsprint [storerooms_1, entrance_room_1, metal_vault_6, armoury_3,
          mini_pit_1, grid_room_1, main_hall_1, silver_pit, the_coven_2,
          the_vestibule_1, steel_vault_2, golden_pit, hallway_of_sentries,
          crystal_vault_2, iron_vault_1, final_vault]

Skill      XL: |  1  2  3  4  5  6  7  8  9 |
---------------+----------------------------+-----
Fighting       | 5 7 9 10 11 | 11.9
Armour         | 5 7 8 9 10 11 12 13 | 13.6
Shields        | 5 7 9 10 11 12 13 | 13.9
Axes           | 3 4 6 8 11 13 | 13.4
Dodging        | 1 2 4 5 6 |  6.4
Stealth        | 1 |  1.2

Action                   |  1- 3 |  4- 6 |  7- 9 || total
-------------------------+-------+-------+-------++-------
Melee: Hand axe          |    24 |    56 |    67 ||   147
       Headbutt          |     3 |    11 |    24 ||    38
       War axe           |     1 |       |       ||     1
       Broad axe         |       |       |    34 ||    34
  Use: Potion            |       |       |     5 ||     5
Armor: Scale mail        |     7 |       |       ||     7
       Chain mail        |       |    11 |    57 ||    68
Dodge: Dodged            |     5 |    13 |    43 ||    61
Block: Kite shield       |    13 |    23 |    72 ||   108

Table legend: (Time is in decaauts)
 A = Elapsed time spent in this place.
 B = Non-inter-level travel time spent in this place.
 C = Inter-level travel time spent in this place.
 D = Time resting spent in this place.
 E = Time spent auto-exploring this place.
 F = Levels seen in this place.
 G = Mean time per level.
                   A        B        C        D        E       F      G
               +--------+--------+--------+--------+--------+-----+--------+
         Total |   1523 |   1523 |      0 |    901 |     66 |   1 | 1523.0 |
       Dungeon |   1523 |   1523 |      0 |    901 |     66 |   1 | 1523.0 |
               +--------+--------+--------+--------+--------+-----+--------+

Top non-repeatable levels by time:
       D: 1523 daAuts
